 Dungeon Crawl Stone Soup version 0.19.1-1-g22dce08 (webtiles) character file.

404 Venfury the Skirmisher (level 6, -10/65 HPs)
             Began as a Troll Fighter on Jan 4, 2017.
             Was an Initiate of Trog.
             Mangled by an ogre
             ... wielding a +0 giant spiked club
              (24 damage)
             ... on level 4 of the Dungeon.
             The game lasted 01:16:24 (5065 turns).

Venfury the Skirmisher (Troll Fighter)              Turns: 5065, Time: 01:16:25

Health: -10/65     AC:  5    Str: 25    XL:     6   Next: 56%
Magic:  5/5        EV:  9    Int:  4    God:    Trog [......]
Gold:   210        SH:  0    Dex: 11    Spells: 0 memorised, 5 levels left

rFire  . . .     SeeInvis +     y - +2 dire flail (drain)
rCold  . . .     Gourm    +     g - +0 robe
rNeg   . . .     Faith    .     (shield currently unavailable)
rPois  .         Spirit   .     (helmet restricted)
rElec  .         Reflect  .     (no cloak)
rCorr  .         Harm     +     (gloves unavailable)
MR     .....                    (boots unavailable)
Stlth  +.........               k - amulet of harm
                                z - ring of see invisible
                                b - ring of wizardry

@: heavily drained
A: unfitting armour, claws 3, fast metabolism 3, gourmand, regeneration 1,
shaggy fur 1, tough skin 2
a: Burn Spellbooks, Renounce Religion


You were on level 4 of the Dungeon.
You worshipped Trog.
Trog was noncommittal.
You were near starving.

You visited 1 branch of the dungeon, and saw 4 of its levels.

You collected 210 gold pieces.

Inventory:

Hand Weapons
 a - a +1 long sword
 y - a +2 dire flail of draining (weapon)
Missiles
 m - 39 sling bullets
 s - 102 stones (quivered)
Armour
 c - a +0 shield
 g - a +0 robe (worn)
Jewellery
 b - a ring of wizardry (left claw)
 k - an amulet of harm (around neck)
 z - a ring of see invisible (right claw)
Wands
 r - a wand of random effects (13/48)
Scrolls
 h - a scroll of amnesia {unknown}
 j - a scroll of fear {unknown}
 p - 3 scrolls of remove curse
 q - a scroll of fog {unknown}
 t - a scroll of noise {unknown}
 v - a scroll of magic mapping {unknown}
Potions
 d - a potion of might
 e - a potion of cure mutation
 i - a potion of magic
 u - 2 potions of haste
 w - 2 potions of flight
 x - a potion of agility
Comestibles
 f - a bread ration
 l - a slice of pizza
 n - a meat ration


   Skills:
 - Level 4.9(3.0) Fighting
 - Level 2.8(1.1) Long Blades
 * Level 1.5(0.0) Maces & Flails
 - Level 2.6(0.9) Dodging
 - Level 3.1(1.4) Shields


You had 5 spell levels left.
You didn't know any spells.

Dungeon Overview and Level Annotations

Branches:
Dungeon (4/15)
 Temple: D:4-7

Altars:
Fedhas
Qazlal
Trog
Uskayaw
Yredelemnul
The Shining One


Innate Abilities, Weirdness & Mutations

You are too large for most types of armour.
You have claws for hands.
Your metabolism is lightning-fast.
You like to eat raw meat.
Your natural rate of healing is unusually fast.
You are covered in fur. (AC +1)
You have very tough skin. (AC +2)


Message History

Found a stone staircase leading down.
You now have 210 gold pieces (gained 4).
Found a buckler.
You see here a buckler.
You see here a buckler.
There is a stone staircase leading down here.
You are near starving!
An ogre comes into view. It is wielding a giant spiked club.
The ogre shouts!
The ogre hits you with a giant spiked club!
You barely miss the ogre.
The ogre hits you with a giant spiked club!!
You hit the ogre.
The ogre is lightly wounded.
You barely miss the ogre.
The ogre is lightly wounded.
The ogre hits you with a giant spiked club!!
* * * LOW HITPOINT WARNING * * *
The ogre hits you with a giant spiked club!!
You die...

........#...'...# #........
........#..###### #........
##....###..##..# #........
#....#.....#.<###### #........
#....#.....#..##...## #........
+....#.....#........+ #........
#....#.....#........# #........
##....#######'####+######........
................@...........#####
.................O..........#..##
............................#....
............................+....
...#+###+###................##'##
...# #####.....####.......# ...#
#.....# +.......# ...# #.....#
#.......# ...# #.....# #.......#


You could see an ogre.

Vanquished Creatures
  Edmund (D:4)
  An ice beast (D:4)
  A howler monkey (D:4)
  5 adders
  2 oozes
  2 worms
  2 dart slugs
  3 leopard geckos
  11 orcs
  8 giant cockroaches
  12 hobgoblins
  3 ball pythons
  A ball python skeleton (D:4)
  12 bats
  A frilled lizard (D:2)
  7 goblins
  6 kobolds
  11 rats
89 creatures vanquished.

Notes
Turn   | Place    | Note
-------+----------+-------------------------------------------
     0 | D:1      | Venfury the Troll Fighter began the quest for the Orb.
     0 | D:1      | Reached XP level 1. HP: 22/22 MP: 0/0
   108 | D:1      | Reached XP level 2. HP: 29/29 MP: 1/1
  1073 | D:1      | Reached XP level 3. HP: 36/36 MP: 2/2
  2193 | D:2      | Reached skill level 3 in Fighting
  2476 | D:2      | Reached XP level 4. HP: 38/45 MP: 3/3
  2542 | D:2      | Found a hide-covered altar of Uskayaw.
  2926 | D:3      | Noticed a moth of wrath
  2978 | D:3      | Found a bloodstained altar of Trog.
  3038 | D:3      | Became a worshipper of Trog the Wrathful
  3249 | D:3      | Found a glowing golden altar of the Shining One.
  3251 | D:3      | Noticed an angel
  3268 | D:3      | Found a basalt altar of Yredelemnul.
  3270 | D:3      | Noticed a profane servitor
  3394 | D:3      | Found a stormy altar of Qazlal.
  3400 | D:3      | Found a blossoming altar of Fedhas.
  3823 | D:4      | Noticed Edmund
  3855 | D:4      | Killed Edmund
  3855 | D:4      | Reached skill level 4 in Fighting
  3855 | D:4      | Reached XP level 5. HP: 34/55 MP: 4/4
  4134 | D:4      | Noticed an ice beast
  4150 | D:4      | Killed an ice beast
  4150 | D:4      | Reached skill level 1 in Maces & Flails
  4150 | D:4      | Reached XP level 6. HP: 26/65 MP: 5/5
  5065 | D:4      | Mangled by an ogre

Skill      XL: |  1  2  3  4  5 |
---------------+----------------+-----
Shields        | 3 |  3.1
Fighting       | 3 4 |  4.9
Long Blades    | 2 |  2.8
Maces & Flails | 1 |  1.5
Dodging        | |  2.6

Action                   |  1- 3 |  4- 6 || total
-------------------------+-------+-------++-------
Melee: Long sword        |   115 |   112 ||   227
       Dire flail        |       |    49 ||    49
Throw: Stone             |       |     2 ||     2
  Use: Scroll            |     2 |     6 ||     8
       Potion            |       |     4 ||     4
  Eat: Chunk             |     7 |     8 ||    15
       Bread ration      |     1 |     3 ||     4
       Meat ration       |     2 |       ||     2
Armor: Robe              |    81 |    60 ||   141
       Skin              |     1 |       ||     1
Dodge: Dodged            |    72 |    59 ||   131
Block: Shield            |    99 |    60 ||   159
       Rpst.: Long sword |    19 |    10 ||    29
